 Dungeon Crawl Stone Soup version 0.30-a0-626-gd6a5dd7a1f (webtiles) character file.

Game seed: 11108860984984946869

29400 lesbiats the Grappler (level 13, -1/131 HPs)
             Began as a Troll Fighter on Jan 12, 2023.
             Was a High Priest of Wu Jian.
             Slain by Rupert
             ... wielding a +1 heavy great mace
              (20 damage)
             ... on level 4 of the Lair of Beasts on Jan 16, 2023.
             The game lasted 01:00:16 (15128 turns).

lesbiats the Grappler (Troll Fighter)              Turns: 15128, Time: 01:00:17

Health: -1/131     AC:  7    Str: 27    XL:     13   Next: 15%
Magic:  12/12      EV: 12    Int:  8    God:    Wu Jian [*****.]
Gold:   760        SH: 11    Dex: 12    Spells: 12/12 levels left

rFire   . . .      SeeInvis .      - Unarmed
rCold   + . .      Faith    .    b - +0 kite shield
rNeg    . . .      Spirit   .    H - +2 robe of Pesim {rC+ Dex+3 Slay+3}
rPois   .          Reflect  .    (helmet restricted)
rElec   .          Harm     .    v - +0 cloak
rCorr   .          Rampage  .    (gloves unavailable)
Will    .....                    (boots unavailable)
Stlth   +                        M - amulet of the acrobat
HPRegen 1.21/turn                t - ring of wizardry
MPRegen 0.13/turn                (no ring)

@: no status effects
A: large, unfitting armour, claws 3, regeneration 1, shaggy fur 1, tough skin 1
a: Renounce Religion, Wall Jump, Serpent's Lash, Heavenly Storm


You were on level 4 of the Lair of Beasts.
You worshipped Wu Jian.
Wu Jian was extremely pleased with you.
You visited 2 branches of the dungeon, and saw 16 of its levels.
You also visited: Ossuary.

You collected 1050 gold pieces.
You spent 290 gold pieces at shops.

Inventory:

Hand Weapons
 a - a +1 scimitar of flaming
Missiles
 g - 4 atropa-tipped darts
 n - 14 poisoned darts (quivered)
 x - 3 curare-tipped darts
 E - 5 boomerangs
 G - 11 javelins
 V - 3 silver boomerangs
 W - 6 large rocks
Armour
 b - a +0 kite shield (worn)
 v - a +0 cloak (worn)
 H - the +2 robe of Pesim (worn) {rC+ Dex+3 Slay+3}
   (You found it on level 8 of the Dungeon)

   Dex:       It affects your dexterity (+3).
   Slay:      It affects your accuracy & damage with ranged weapons and melee
   (+3).
   rC:        It protects you from cold.
 P - a +2 robe of willpower
Jewellery
 t - a ring of wizardry (left claw)
 D - a ring of flight
 M - an amulet of the acrobat (around neck)
 R - an amulet of regeneration
Wands
 d - a wand of paralysis (9)
 o - a wand of polymorph (5)
 A - a wand of quicksilver (19)
 I - a wand of mindburst (2)
 Q - a wand of digging (6)
 U - a wand of roots (14)
Scrolls
 h - 4 scrolls of fear
 i - 3 scrolls of amnesia
 m - 4 scrolls of poison
 p - 9 scrolls of teleportation
 q - 5 scrolls of noise
 u - 3 scrolls of vulnerability {unknown}
 y - 3 scrolls of summoning
 z - 3 scrolls of blinking {unknown}
 J - 4 scrolls of silence
 K - 3 scrolls of enchant armour
 L - 5 scrolls of enchant weapon {unknown}
 O - a scroll of fog {unknown}
 S - 2 scrolls of immolation {unknown}
Potions
 c - 3 potions of might
 e - 6 potions of resistance
 f - 5 potions of heal wounds
 j - 5 potions of curing
 k - 4 potions of brilliance
 l - 4 potions of cancellation
 r - 2 potions of attraction {unknown}
 s - 3 potions of flight
 w - a potion of haste {unknown}
 B - 3 potions of mutation
 C - 5 potions of lignification
 F - 3 potions of degeneration {unknown}
 N - a potion of ambrosia {unknown}
 T - a potion of berserk rage {unknown}
Miscellaneous
 X - a lightning rod (4/4)


   Skills:
 + Level 9.1 Fighting
 + Level 8.5 Dodging
 + Level 10.0 Shields
 * Level 14.6 Unarmed Combat


You had 12 spell levels left.
You didn't know any spells.
Your spell library contained the following spells:

 Spells                   Type           Power      Damage    Failure   Level
 Magic Dart               Conj           0%         1d3       32%         1
 Summon Small Mammal      Summ           0%         N/A       32%         1
 Call Imp                 Summ           0%         N/A       43%         2
 Call Canine Familiar     Summ           0%         N/A       65%         3
 Mephitic Cloud           Conj/Pois/Air  0%         N/A       65%         3
 Summon Guardian Golem    Hex/Summ       0%         N/A       65%         3
 Tukima's Dance           Hex            0%         N/A       65%         3
 Vhi's Electric Charge    Tloc/Air       0%         N/A       65%         3
 Passage of Golubria      Tloc           0%         N/A       95%         4
 Arcjolt                  Conj/Air       0%         1d10      100%        5
 Yara's Violent Unravell  Hex/Tmut       0%         3d3       100%        5
 Orb of Destruction       Conj           0%         9d5       100%        7
 Spellforged Servitor     Conj/Summ      0%         N/A       100%        7
 Maxwell's Capacitive Co  Air            0%         ∞         100%        8


Dungeon Overview and Level Annotations

Branches:
Dungeon (11/15)            Temple (0/1) D:4            Lair (5/5) D:10
  Swamp (0/4) Lair:2        Snake (0/4) Lair:2        Slime (0/5) Lair:4
    Orc (0/2) D:9         Ossuary (visited)

Altars:
Ashenzari
Gozag
Makhleb
Wu Jian
Yredelemnul
Jiyva

Shops:
D:1 !

Annotations:
Lair:3 2 runed translucent doors, Rudyous's ghost, journeyman MiFi
Lair:4 1 runed translucent door, Laraso's ghost, journeyman DjHW; Rupert


Innate Abilities, Weirdness & Mutations

You are too large for most types of armour.
You have claws for hands.
Your natural rate of healing is unusually fast.
You are covered in fur. (AC +1)
You have tough skin. (AC +1)


Message History

Aim: Rupert, wielding a +1 heavy great mace and wearing a +0 ring mail (lightly wounded, very poisoned, 69% to hit)
You throw a poisoned dart. The poisoned dart hits Rupert.
Rupert looks as sick as possible!
Rupert is lightly wounded.
Throw: 15 darts (poison)
Press: ? - help, Q - select action, (/) - cycle Shift-Dir - straight line, f/p - Rupert
Aim: Rupert, wielding a +1 heavy great mace and wearing a +0 ring mail (lightly wounded, extremely poisoned, 69% to hit)
You throw a poisoned dart. The poisoned dart hits Rupert.
Rupert looks as sick as possible!
Rupert is lightly wounded.
You lunge at Rupert.
You scratch Rupert.
Rupert is lightly wounded.
You block Rupert's attack.
You spin and attack Rupert.
You scratch Rupert.
Rupert is lightly wounded.
You spin and attack Rupert.
You mangle Rupert!!
Rupert is heavily wounded.
Rupert roars madly and goes into a rage!
Rupert goes berserk!
You closely miss Rupert.
Rupert is heavily wounded.
Rupert hits you with a +1 heavy great mace!!!
You closely miss Rupert.
Rupert is heavily wounded.
You block Rupert's attack.
You mangle Rupert!!
Rupert is severely wounded.
Rupert hits you with a +1 heavy great mace!!!
* * * LOW HITPOINT WARNING * * *
Okay, then.
You feel much better.
Rupert hits you with a +1 heavy great mace!!!
* * * LOW HITPOINT WARNING * * *
You claw Rupert!
Rupert is severely wounded.
Rupert barely misses you.
You eviscerate Rupert!!!
Rupert is almost dead.
Rupert hits you with a +1 heavy great mace!!
You die...

##..P# #....## #.......... #....#
##....# ##...###..# ##...#
#P....# #...##...# ##..## ##...##
#....##..# ###...#### #.)..####
#...###..#
.P....#..###....##.#####....#....
................#...#.##...###..#
................@((..(...........
.....<..##.####.@...((...........
..........## #...#.##.........#..
.........## ##.#####.........##.
......<.P# #...###.........###
.........# #.####....((....#
.....)..## #.# ##.........##
........##### #.# #..........##
.........##.###.#####...........#
.................##..............


You could see Rupert (berserk, very poisoned).

Vanquished Creatures
  Josephine (Lair:3)
  A hydra (Lair:3)
  Erica (D:9)
  A catoblepas (Lair:3)
  3 two-headed ogres
  Urug (Lair:2)
  A lindwurm (Lair:4)
  An oklob plant (Lair:1)
  A cyclops (D:11)
  Joseph (Lair:1)
  A black mamba (Lair:4)
  A gargoyle (D:10)
  14 cane toads
  3 rime drakes
  8 komodo dragons
  A hornet (D:9)
  Grinder (D:6)
  7 blink frogs
  3 wyverns
  A shadow (D:11)
  35 yaks
  5 wraiths (Lair:3)
  4 basilisks
  A steam dragon (D:7)
  4 vampire mosquitoes (D:10)
  3 nagas (Lair:2)
  An acid dragon (D:11)
  7 water moccasins
  2 hornet zombies (Ossuary)
  5 orc warriors
  An ice beast (D:6)
  A black bear (D:6)
  An ogre (D:6)
  6 wolves (Lair:2)
  2 phantoms
  11 bullfrogs
  4 necrophages
  3 scorpions
  4 wyvern zombies (Ossuary)
  4 wights (D:9)
  4 water moccasin zombies (Ossuary)
  18 killer bees
  9 bullfrog zombies (Ossuary)
  A jelly (D:4)
  3 centaur zombies (Ossuary)
  3 hounds
  4 orc priests
  Terence (D:2)
  Jessica (D:2)
  3 iguanas
  5 orc wizards
  3 killer bee zombies (Ossuary)
  12 mummies (Ossuary)
  3 howler monkey zombies (Ossuary)
  3 gnolls (D:3)
  11 adders
  A shadow imp (D:7)
  A white imp (D:4)
  2 ufetubi
  A worm (D:1)
  A dart slug (D:2)
  25 orcs
  4 bats
  7 endoplasms
  A giant cockroach (D:1)
  6 goblins
  7 hobgoblins
  3 quokkas
  7 ball pythons
  5 frilled lizards
  7 kobolds
  2 quokka zombies (D:8)
  6 rats
326 creatures vanquished.

Vanquished Creatures (others)
  A bush (Lair:3)
  25 fungi
  24 plants
  A withered plant (Ossuary)
51 creatures vanquished.

Grand Total: 377 creatures vanquished

Notes
Turn   | Place    | Note
-------+----------+-------------------------------------------
     0 | D:1      | lesbiats the Troll Fighter began the quest for the Orb.
     0 | D:1      | Reached XP level 1. HP: 22/22 MP: 0/0
   204 | D:1      | Reached XP level 2. HP: 29/29 MP: 1/1
   494 | D:1      | Reached XP level 3. HP: 36/36 MP: 2/2
   754 | D:1      | Found Xyfev's Distillery.
   763 | D:1      | Bought a potion of curing for 30 gold pieces
   886 | D:2      | Reached skill level 3 in Unarmed Combat
   992 | D:2      | Noticed Terence
  1001 | D:2      | Killed Terence
  1118 | D:2      | Reached XP level 4. HP: 44/44 MP: 3/3
  1159 | D:2      | Noticed Jessica
  1161 | D:2      | Killed Jessica
  1593 | D:3      | Reached skill level 4 in Unarmed Combat
  1593 | D:3      | Reached XP level 5. HP: 44/53 MP: 4/4
  1702 | D:3      | Found an opulent altar of Gozag.
  1719 | D:3      | Found a burning altar of Makhleb.
  1744 | D:3      | Found a broken altar of Ashenzari.
  1967 | D:3      | Found a basalt altar of Yredelemnul.
  1998 | D:3      | Found an ornate altar of the Wu Jian Council.
  2010 | D:3      | Became a worshipper of the Wu Jian Council
  2433 | D:3      | Found a faded altar of an unknown god.
  2573 | D:1      | Bought a potion of heal wounds for 50 gold pieces
  2573 | D:1      | Bought a potion of resistance for 100 gold pieces
  2703 | D:3      | Reached XP level 6. HP: 12/61 MP: 5/5
  2799 | D:4      | Reached skill level 5 in Unarmed Combat
  3038 | D:4      | Reached * piety under Wu Jian
  3076 | D:4      | Found a staircase to the Ecumenical Temple.
  3279 | D:5      | Entered Level 5 of the Dungeon
  3287 | D:5      | Reached XP level 7. HP: 68/68 MP: 6/6
  3446 | D:5      | Reached skill level 6 in Unarmed Combat
  3465 | D:5      | You fall into a shaft and drop 1 floor!
  3493 | D:6      | Noticed Grinder
  3493 | D:6      | Paralysed by Grinder for 2 turns
  4083 | D:5      | Reached XP level 8. HP: 48/79 MP: 7/7
  4194 | D:6      | Reached skill level 5 in Shields
  4261 | D:6      | Reached skill level 7 in Unarmed Combat
  4461 | D:6      | Paralysed by Grinder for 5 turns
  4468 | D:6      | Paralysed by Grinder for 2 turns
  4473 | D:6      | Paralysed by Grinder for 4 turns
  4481 | D:6      | Killed Grinder
  4985 | D:1      | Bought a potion of curing for 30 gold pieces
  4985 | D:1      | Bought a potion of might for 40 gold pieces
  4985 | D:1      | Bought a potion of brilliance for 40 gold pieces
  5229 | D:7      | Reached skill level 5 in Fighting
  5352 | D:7      | Reached skill level 8 in Unarmed Combat
  5502 | D:7      | Reached XP level 9. HP: 75/88 MP: 8/8
  5709 | D:8      | Noticed a two-headed ogre
  5762 | D:8      | Reached ** piety under Wu Jian
  5839 | D:8      | Found a sand-covered staircase.
  5860 | Ossuary  | Entered an ossuary
  6054 | Ossuary  | Reached skill level 9 in Unarmed Combat
  6198 | Ossuary  | Reached skill level 5 in Dodging
  6214 | Ossuary  | Reached *** piety under Wu Jian
  6399 | D:8      | Identified the +2 robe of Pesim {rC+ Dex+3 Slay+3}
  6587 | D:8      | Reached XP level 10. HP: 85/98 MP: 9/9
  7159 | D:7      | Killed a two-headed ogre
  7160 | D:7      | Reached skill level 10 in Unarmed Combat
  7431 | D:9      | Found a staircase to the Orcish Mines.
  8088 | D:9      | Reached **** piety under Wu Jian
  8169 | D:9      | Noticed Erica
  8183 | D:9      | Killed Erica
  8184 | D:9      | Reached skill level 11 in Unarmed Combat
  8325 | D:10     | Entered Level 10 of the Dungeon
  8362 | D:10     | Noticed a gargoyle
  8372 | D:10     | Killed a gargoyle
  8398 | D:10     | Found a staircase to the Lair.
  8477 | D:10     | Noticed a two-headed ogre
  8519 | D:9      | HP: 5/100 [hornet (9)]
  8606 | D:10     | Killed a two-headed ogre
  8607 | D:10     | Reached XP level 11. HP: 66/109 MP: 10/10
  9320 | D:11     | Noticed a two-headed ogre
  9344 | D:11     | Killed a two-headed ogre
  9909 | Lair:1   | Entered Level 1 of the Lair of Beasts
  9909 | Lair:1   | Noticed an oklob plant
  9936 | Lair:1   | Reached skill level 12 in Unarmed Combat
 10000 | Lair:1   | Killed an oklob plant
 10563 | Lair:1   | Noticed Joseph
 10570 | Lair:1   | Killed Joseph
 11195 | Lair:2   | Found a staircase to the Snake Pit.
 11309 | Lair:2   | Noticed Urug
 11627 | Lair:2   | You fall into a shaft and drop 2 floors!
 11688 | Lair:3   | Reached XP level 12. HP: 89/119 MP: 11/11
 11759 | Lair:2   | Reached skill level 13 in Unarmed Combat
 11824 | Lair:2   | Killed Urug
 11982 | Lair:2   | Found a staircase to the Swamp.
 12111 | Lair:3   | Found a large runed translucent door.
 12112 | Lair:3   | Found a large runed translucent door.
 12134 | Lair:3   | Noticed a four-headed hydra
 12149 | Lair:3   | Killed a one-headed hydra
 12533 | Lair:3   | Noticed Josephine
 12657 | Lair:3   | Noticed a catoblepas
 12666 | Lair:3   | Killed a catoblepas
 12913 | Lair:3   | Killed Josephine
 12924 | Lair:3   | Reached ***** piety under Wu Jian
 13099 | Lair:3   | Noticed Rudyous's ghost (journeyman MiFi)
 13381 | Lair:4   | Found a runed translucent door.
 13382 | Lair:4   | Noticed Laraso's ghost (journeyman DjHW)
 13385 | Lair:4   | Reached skill level 14 in Unarmed Combat
 13448 | Lair:4   | Noticed Rupert
 13476 | Lair:4   | Paralysed by something for 2 turns
 13832 | Lair:4   | Found a viscous altar of Jiyva.
 13833 | Lair:4   | Found a staircase to the Slime Pits.
 14039 | Lair:4   | Reached XP level 13. HP: 26/131 MP: 12/12
 14091 | Lair:5   | Entered Level 5 of the Lair of Beasts
 14424 | Lair:4   | Reached skill level 10 in Shields
 15128 | Lair:4   | Slain by Rupert

Illustrated notes

Levels and vault maps discovered:
D:1:      tarquinn_simple_flora_water_d, layout_loops_ring, serial_shops,
          nicolae_lakefront_shop, nicolae_wormholes
D:2:      layout_loops_ring, uniq_jessica, uniq_terence
D:3:      layout_basic, grunt_temple_overflow_cloverleaf, lemuel_doored_altar,
          dreamdust_ecumenical_altar_angels_and_demons, small_statue_alley_b,
          serial_park_tiny_1
D:4:      layout_rooms, minmay_temple_entry_mini_moons, kennysheep_pointless_box
D:5:      layout_basic
D:6:      layout_basic, uniq_grinder
D:7:      layout_basic
D:8:      layout_basic, enter_ossuary_4, hangedman_abyss_or_decor_passed
D:9:      layout_roguey, minmay_orc_entry_temple_small, uniq_erica
D:10:     layout_rooms, lair_entry_dummy
D:11:     layout_loops_ring
Lair:1:   layout_layer_cave, dpeg_stationary_puzzle, serial_bayou_shore_b,
          uniq_joseph
Lair:2:   layout_gridlike, swamp_mist, nicolae_snake_entry_squirm, uniq_urug
Lair:3:   layout_regular_city, ebering_ghost_disaster_area, uniq_josephine
Lair:4:   layout_small_grid, slime_entry_1, gammafunk_ghost_grave, uniq_rupert
Lair:5:   minmay_lair_end_enchanted_forest, layout_concentric_octagons,
          uniq_sonja

Skill      XL: |  1  2  3  4  5  6  7  8  9 10 11 12 13 |
---------------+----------------------------------------+-----
Shields        | 3 4 5 6 7 8 9 10 | 10.0
Unarmed Combat | 3 4 5 6 8 9 11 12 14 | 14.6
Fighting       | 3 4 5 6 7 8 9 |  9.1
Dodging        | 3 4 5 6 7 8 |  8.5

Action                   |  1- 3 |  4- 6 |  7- 9 | 10-12 | 13-15 || total
-------------------------+-------+-------+-------+-------+-------++-------
Melee: Unarmed           |    93 |   181 |   376 |   524 |    60 ||  1234
       Scimitar          |       |       |       |    10 |       ||    10
Throw: Dart              |       |       |       |    16 |     8 ||    24
       Large rock        |       |       |       |     6 |       ||     6
       Throwing net      |       |       |       |     1 |       ||     1
Invok: Lunge             |       |     9 |    21 |    35 |     7 ||    72
       Whirlwind         |       |       |    23 |   120 |    24 ||   167
Evoke: Wand              |       |       |       |     6 |       ||     6
  Use: Scroll            |       |     5 |     7 |     4 |       ||    16
       Potion            |       |     1 |       |     6 |     1 ||     8
 Stab: Sleeping          |     2 |       |       |       |       ||     2
       Distracted        |       |       |     1 |       |       ||     1
Armor: Robe              |    23 |    45 |    34 |    60 |     3 ||   165
       Steam dragon scal |       |       |    55 |       |       ||    55
Dodge: Dodged            |    24 |    62 |    96 |   205 |     9 ||   396
Block: Kite shield       |    21 |    58 |   160 |   210 |    13 ||   462

Table legend: (Time is in decaauts)
 A = Elapsed time spent in this place.
 B = Non-inter-level travel time spent in this place.
 C = Inter-level travel time spent in this place.
 D = Time resting spent in this place.
 E = Time spent auto-exploring this place.
 F = Levels seen in this place.
 G = Mean time per level.
                   A        B        C        D        E       F      G
               +--------+--------+--------+--------+--------+-----+--------+
         Total |  15154 |  12105 |   3049 |   1350 |   6840 |  17 |  891.4 |
       Dungeon |   9538 |   7785 |   1753 |    623 |   5108 |  11 |  867.1 |
          Lair |   5211 |   3916 |   1295 |    702 |   1687 |   5 | 1042.2 |
       Ossuary |    404 |    404 |      0 |     25 |     45 |   1 |  404.0 |
               +--------+--------+--------+--------+--------+-----+--------+

Top non-repeatable levels by time:
  Lair:3: 1341 daAuts
  Lair:4: 1306 daAuts
  Lair:1: 1214 daAuts
     D:9: 1137 daAuts
     D:1: 1109 daAuts
     D:3: 1098 daAuts
  Lair:2: 1057 daAuts
     D:8: 988 daAuts
     D:7: 949 daAuts
     D:5: 915 daAuts
     D:2: 809 daAuts
     D:6: 790 daAuts
    D:10: 677 daAuts
     D:4: 673 daAuts
 Ossuary: 404 daAuts
